 Dungeon Crawl Stone Soup version 0.30.1 (webtiles) character file.

Game seed: 4369192467469701372

340 Sabo the Chopper (level 6, -15/47 HPs)
             Began as a Demonspawn Gladiator on July 11, 2023.
             Was an Initiate of Ashenzari.
             Demolished by Menkaure (20 damage)
             ... on level 4 of the Dungeon on July 12, 2023.
             The game lasted 00:18:55 (3948 turns).

Sabo the Chopper (Demonspawn Gladiator)             Turns: 3948, Time: 00:18:56

Health: -15/47     AC: 10    Str: 17    XL:     6   Next: 30%
Magic:  6/6        EV: 27    Int:  9    God:    Ashenzari [......]
Gold:   215        SH:  0    Dex: 14    Spells: 5/5 levels left

rFire   . . .        a - +0 war axe
rCold   . . .        (no shield)
rNeg    . . .        k - +1 ring mail
rPois   .            (helmet restricted)
rElec   .            (no cloak)
rCorr   .            (no gloves)
SInv    .            (no boots)
Will    .....        u - amulet of the acrobat
Stlth   +            o - ring of the Gnostic Empyrean {AC+4, Melee, Self} (curse)
HPRegen 0.27/turn    (no ring)
MPRegen 0.20/turn

%: acrobat
@: acrobatic
A: horns 1, magic regeneration
a: Renounce Religion, Shatter the Chains


You were on level 4 of the Dungeon.
You worshipped Ashenzari.
Ashenzari was noncommittal.
You visited 1 branch of the dungeon, and saw 4 of its levels.
You also visited: Sewer.

You collected 215 gold pieces.

Inventory:

Hand Weapons
 a - a +0 war axe (weapon)
Missiles
 d - 3 throwing nets
 e - a javelin
 j - 12 poisoned darts (quivered)
Armour
 k - a +1 ring mail (worn)
Jewellery
 o - the cursed ring of the Gnostic Empyrean (left hand) {AC+4, Melee, Self}
   (You found it on level 2 of the Dungeon)

   [ring of protection]

   AC:        It affects your AC (+4).
   It has a curse which improves the following skills: Melee Combat: Short
   Blades, Long Blades, Axes, Maces & Flails, Polearms, Staves and Unarmed
   Combat.
   Introspection: Fighting and Spellcasting.
 u - an amulet of the acrobat (around neck)
Wands
 A - a wand of paralysis (7)
Scrolls
 f - a scroll of poison
 i - a scroll of fog
 m - a scroll of magic mapping {unknown}
 s - a scroll of teleportation {unknown}
 v - a scroll of fear {unknown}
 y - a scroll of enchant armour
Potions
 b - 4 potions of heal wounds {unknown}
 c - 2 potions of magic {unknown}
 g - a potion of flight {unknown}
 h - 2 potions of attraction {unknown}
 l - 4 potions of curing
 n - a potion of might {unknown}
 p - a potion of resistance {unknown}
 q - a potion of degeneration {unknown}
 r - a potion of cancellation {unknown}
 t - a potion of lignification {unknown}
 w - a potion of haste {unknown}
 x - a potion of berserk rage {unknown}
 z - a potion of brilliance {unknown}


   Skills:
 + Level 2.9(3.2) Fighting
 + Level 4.7(5.1) Axes
 + Level 1.8 Throwing
 + Level 2.8 Armour
 + Level 3.4 Dodging
 + Level 0.2 Stealth


You had 5 spell levels left.
You didn't know any spells.
Your spell library contained the following spells:

 Spells                   Type           Power      Damage    Failure   Level
 Freeze                   Ice            0%         1d3       58%         1
 Necrotise                Necr           0%         1d4       58%         1
 Poisonous Vapours        Pois/Air       0%         N/A       73%         2
 Frozen Ramparts          Ice            0%         1d1       91%         3
 Hailstorm                Conj/Ice       0%         3d3       91%         3
 Inner Flame              Hex/Fire       0%         N/A       91%         3
 Mephitic Cloud           Conj/Pois/Air  0%         N/A       91%         3
 Ozocubu's Armour         Ice            0%         N/A       91%         3
 Vampiric Draining        Necr           0%         2d6       91%         3
 Flame Wave               Conj/Fire      0%         2d4       100%        4
 Sticky Flame             Conj/Fire      0%         2d3       100%        4
 Agony                    Necr           0%         N/A       100%        5
 Freezing Cloud           Conj/Ice/Air   0%         6-21      100%        5
 Metabolic Englaciation   Hex/Ice        0%         N/A       100%        5
 Simulacrum               Ice/Necr       0%         N/A       100%        6


Dungeon Overview and Level Annotations

Branches:
Dungeon (4/15)              Sewer (visited)
 Temple: D:4-7

Altars:
Ashenzari
Gozag
Hepliaklqana
Nemelex Xobeh
Trog
Wu Jian
Yredelemnul

Annotations:
D:4 Menkaure


Innate Abilities, Weirdness & Mutations

You have a pair of small horns on your head.
You regenerate magic rapidly.


Message History

You completely miss Menkaure.
Menkaure is lightly damaged.
Menkaure calls on the powers of darkness!
Your body is wracked with pain!
The gnoll convulses!
You completely miss Menkaure.
Menkaure is lightly damaged.
Menkaure breathes soot at you.
Menkaure calls on the powers of darkness!
Your body is wracked with pain!
* * * LOW HITPOINT WARNING * * *
The gnoll convulses!
The gnoll closely misses you. Menkaure barely misses you.
You hear a shout!
Menkaure attacks as you move away! Menkaure hits you but does no damage.
You feel better.
Menkaure points at you and mumbles some strange words.
Pain shoots through your body!
* * * LOW HITPOINT WARNING * * *
You feel better.
Menkaure calls on the powers of darkness!
Your body is wracked with pain!
* * * LOW HITPOINT WARNING * * *
The gnoll convulses!
The gnoll hits you from afar with a +0 halberd.
* * * LOW HITPOINT WARNING * * *
As you read the scroll of fog, it crumbles to dust.
The scroll dissolves into smoke.
Menkaure calls on the powers of darkness!
Your body is wracked with pain!
* * * LOW HITPOINT WARNING * * *
The gnoll convulses!
The gnoll barely misses you. Menkaure closely misses you. Menkaure misses you.
Menkaure attacks as you move away! Menkaure misses you.
Menkaure calls on the powers of darkness!
Your body is wracked with pain!
* * * LOW HITPOINT WARNING * * *
Menkaure attacks as you move away! Menkaure misses you.
Menkaure attacks as you move away! Menkaure misses you.
Menkaure completely misses you. Menkaure attacks as you move away!
Menkaure hits you!!
You die...

..##..#######.##.#.#
...................#####
..#...#######..#.......#
##<.†### ##.........# ...
...#)..#########.......#....
.#####.......# #...........
## #######.###........... .#
#.....########.###### .#
#####@########....... .#
#.M§§§§§§#g...... .#
########§§§...... .#
####...... ## ..... ...[ ...
.. .


You could see Menkaure (fast).

Vanquished Creatures
  An ogre (D:4)
  Natasha (thrice) (D:4)
  An iguana (D:3)
  6 adders
  2 river rats (Sewer)
  2 worms
  4 dart slugs
  An orc (D:3)
  13 ball pythons
  5 bats
  7 endoplasms
  2 giant cockroaches
  3 goblins (D:1)
  4 hobgoblins
  4 jackals (D:3)
  4 quokkas
  3 frilled lizards
  16 kobolds
  6 rats
87 creatures vanquished.

Notes
Turn   | Place    | Note
-------+----------+-------------------------------------------
     0 | D:1      | Sabo the Demonspawn Gladiator began the quest for the Orb.
     0 | D:1      | Reached XP level 1. HP: 16/16 MP: 1/1
    83 | D:1      | Gained mutation: You have a pair of small horns on your
                  | head. [demonic ancestry]
    83 | D:1      | Reached XP level 2. HP: 22/22 MP: 2/2
    87 | D:1      | Reached skill level 3 in Axes
   388 | D:1      | Reached XP level 3. HP: 27/27 MP: 3/3
  1236 | D:2      | Reached skill level 1 in Armour
  1426 | D:2      | Reached XP level 4. HP: 34/34 MP: 4/4
  1441 | D:2      | You fall into a shaft and drop 1 floor!
  1484 | D:3      | Found a glowing drain.
  1511 | Sewer    | Entered a sewer
  2675 | D:3      | Found a basalt altar of Yredelemnul.
  2676 | D:3      | Found a sparkling altar of Nemelex Xobeh.
  2679 | D:3      | Found a hazy altar of Hepliaklqana.
  2679 | D:3      | Found a bloodstained altar of Trog.
  2693 | D:3      | Gained mutation: You regenerate magic rapidly. [demonic
                  | ancestry]
  2693 | D:3      | Reached XP level 5. HP: 6/39 MP: 5/5
  2818 | D:3      | Found an opulent altar of Gozag.
  2819 | D:3      | Found an ornate altar of the Wu Jian Council.
  2834 | D:3      | Found a broken altar of Ashenzari.
  2877 | D:3      | Became a worshipper of Ashenzari the Shackled
  3060 | D:3      | Reached skill level 4 in Axes
  3446 | D:4      | Noticed Natasha
  3452 | D:4      | Killed Natasha
  3467 | D:4      | Noticed an ogre
  3478 | D:4      | Killed an ogre
  3479 | D:4      | Reached XP level 6. HP: 23/46 MP: 6/6
  3538 | D:4      | Noticed Natasha
  3547 | D:4      | Killed Natasha
  3871 | D:4      | Noticed Natasha
  3881 | D:4      | Killed Natasha
  3926 | D:4      | Noticed Menkaure
  3948 | D:4      | Demolished by Menkaure

Illustrated notes

Levels and vault maps discovered:
D:1:      minmay_arrival_four_houses, layout_basic
D:2:      layout_loops_ring, minivault_14
D:3:      layout_basic, ashenzari_conservatory_becter,
          grunt_temple_overflow_open, cheibrodos_sewer_entry_sluice
D:4:      layout_rooms, uniq_menkaure, uniq_natasha

Skill      XL: |  1  2  3  4  5 |
---------------+----------------+-----
Dodging        | 3 |  3.4
Axes           | 3 4 |  4.7
Armour         | 1 2 |  2.8
Fighting       | |  2.9
Throwing       | |  1.8
Stealth        | |  0.2

Action                     |  1- 3 |  4- 6 || total
---------------------------+-------+-------++-------
  Melee: War axe           |    88 |   164 ||   252
         Headbutt          |     5 |    22 ||    27
         Punch             |     1 |       ||     1
  Throw: Dart              |       |     2 ||     2
 Invoke: Curse Item        |       |     1 ||     1
    Use: Scroll            |     2 |     5 ||     7
         Potion            |     1 |     2 ||     3
 Armour: Leather armour    |    24 |       ||    24
         Ring mail         |    15 |    75 ||    90
  Dodge: Dodged            |    67 |   119 ||   186
